 Dungeon Crawl Stone Soup version 0.20.1-1-g8b1a95d (webtiles) character file.

141 dvd the Ruffian (level 5, 0/48 HPs)
             Began as a Troll Transmuter on Oct 10, 2017.
             Slain by Grinder (2 damage)
             ... on level 2 of the Dungeon.
             The game lasted 00:05:15 (1869 turns).

dvd the Ruffian (Troll Transmuter)                  Turns: 1869, Time: 00:05:16

Health: 0/48       AC:  5    Str: 18    XL:     5   Next: 3%
Magic:  6/6        EV: 10    Int: 10    God:
Gold:   87         SH:  0    Dex: 10    Spells: 4/7 levels left

rFire    . . .     SeeInvis .     - Unarmed
rCold    . . .     Gourm    +   (no shield)
rNeg     . . .     Faith    .   b - +0 robe
rPois    .         Spirit   .   (helmet restricted)
rElec    .         Reflect  .   (no cloak)
rCorr    .         Harm     .   (gloves unavailable)
MR       .....                  (boots unavailable)
Stlth    +.........             (no amulet)
Regen    0.6/turn               (no ring)
MPRegen  0.1/turn               (no ring)

@: no status effects
A: unfitting armour, claws 3, fast metabolism 3, gourmand, regeneration 1,
shaggy fur 1, tough skin 2
a: no special abilities


You were on level 2 of the Dungeon.
You were not hungry.

You visited 1 branch of the dungeon, and saw 3 of its levels.

You collected 87 gold pieces.

Inventory:

Missiles
 a - 52 arrows
Armour
 b - a +0 robe (worn)
Jewellery
 h - an uncursed ring of fire
Scrolls
 g - 2 scrolls of remove curse {unknown}
 k - 2 scrolls of enchant armour {unknown}
 l - 2 scrolls of random uselessness {unknown}
 o - a scroll of teleportation {unknown}
Potions
 e - a potion of resistance {unknown}
 i - a potion of might {unknown}
 n - a potion of mutation {unknown}
 p - a potion of heal wounds {unknown}
Books
 c - a book of Changes

   Spells                             Type                      Level
   a - Beastly Appendage              Transmutation                1
   b - Sticks to Snakes               Transmutation                2
   c - Spider Form                    Transmutation/Poison         3
   d - Ice Form                       Ice/Transmutation            4
   e - Blade Hands                    Transmutation                5
Comestibles
 d - 3 bread rations
 f - a royal jelly
 j - a meat ration


   Skills:
 + Level 1.2 Fighting
 + Level 1.7 Dodging
 + Level 0.2 Stealth
 + Level 4.0 Unarmed Combat
 + Level 1.7 Spellcasting
 * Level 2.5 Transmutations


You had 4 spell levels left.
You knew the following spells:

 Your Spells              Type           Power        Failure   Level  Hunger
a - Beastly Appendage     Tmut           #.....       12%         1    ##.....
b - Sticks to Snakes      Tmut           #.......     17%         2    ###....


Dungeon Overview and Level Annotations

Branches:
Dungeon (3/15)

Altars:

Annotations:
D:2 Grinder
D:3 dvd's ghost, amateur TrTm


Innate Abilities, Weirdness & Mutations

You are too large for most types of armour.
You have claws for hands.
Your metabolism is lightning-fast.
You like to eat raw meat.
Your natural rate of healing is unusually fast.
You are covered in fur. (AC +1)
You have very tough skin. (AC +2)


Message History

Grinder hits you.
* * * LOW HITPOINT WARNING * * *
Unknown command.
You claw the hobgoblin!
You kill the hobgoblin!
Grinder gestures at you. Pain shoots through your body!
* * * LOW HITPOINT WARNING * * *
Unknown command.
Okay, then.
Unknown command.
You closely miss Grinder.
Grinder is severely wounded.
Grinder barely misses you.
You scratch Grinder.
Grinder is almost dead.
Grinder hits you.
* * * LOW HITPOINT WARNING * * *
You writhe in agony.
You die...

.# #..####.# #.# #.# .#
#..# #.# #.# #.# .# #..#
#.#####.# #.# .# #..#
#.......# #.# .#
##.####.####..# #.# .#
#......5.....# #.# .#
#.####.####5## #.# .#
#.####.## #.# #.# .#
#......@# #[# #.#
.#########<.###)5###.#
#.#
........<>...........#
#.#
###########.###..#####
###.# #.# #..# #...# #.#
#.(# #.###
########.###..# #.# ##
#............(#######
#.#
.###.######.#..........#
#.#


You could see Grinder.

Vanquished Creatures
  4 gnolls (D:3)
  4 adders
  3 oozes
  A dart slug (D:2)
  2 orcs (D:3)
  4 giant cockroaches
  5 goblins
  4 hobgoblins
  9 kobolds
  A ball python (D:1)
  9 bats
  4 frilled lizards
  4 rats
54 creatures vanquished.

Notes
Turn   | Place    | Note
-------+----------+-------------------------------------------
     0 | D:1      | dvd the Troll Transmuter began the quest for the Orb.
     0 | D:1      | Reached XP level 1. HP: 18/18 MP: 1/1
   108 | D:1      | Reached XP level 2. HP: 26/26 MP: 0/2
   753 | D:2      | Reached XP level 3. HP: 32/32 MP: 1/3
   760 | D:2      | Learned a level 2 spell: Sticks to Snakes
  1348 | D:3      | Reached skill level 1 in Fighting
  1348 | D:3      | Reached XP level 4. HP: 40/41 MP: 5/5
  1413 | D:3      | Noticed dvd's ghost (amateur TrTm)
  1430 | D:3      | Reached skill level 4 in Unarmed Combat
  1587 | D:3      | Noticed Grinder
  1814 | D:3      | Reached XP level 5. HP: 48/48 MP: 6/6
  1846 | D:2      | Paralysed by Grinder for 6 turns
  1869 | D:2      | HP: 2/48 [Grinder (5)]
  1869 | D:2      | Slain by Grinder

Skill      XL: |  1  2  3  4 |
---------------+-------------+-----
Transmutations | 2 |  2.5
Fighting       | 1 |  1.2
Unarmed Combat | 4 |  4.0
Dodging        | |  1.7
Stealth        | |  0.2
Spellcasting   | |  1.7

Action                   |  1- 3 |  4- 6 || total
-------------------------+-------+-------++-------
Melee: Unarmed           |    86 |    84 ||   170
       Headbutt          |     4 |     2 ||     6
       Kick              |     2 |     6 ||     8
Throw: Javelin           |       |     2 ||     2
 Cast: Beastly Appendage |    19 |    10 ||    29
       Sticks to Snakes  |       |     2 ||     2
 Stab: Sleeping          |     1 |       ||     1
       Distracted        |       |     1 ||     1
  Eat: Chunk             |    15 |     2 ||    17
Armor: Robe              |    31 |    35 ||    66
Dodge: Dodged            |    46 |    63 ||   109
